 Dungeon Crawl Stone Soup version 0.20-a0-991-g93344ec (webtiles) character file.

5849 Multipenetrator the Slicer (level 10, -13/121 (124) HPs)
             Began as a Barachi Wanderer on Apr 11, 2017.
             Was a Believer of Cheibriados.
             Mangled by dricus's ghost (16 damage)
             ... on level 8 of the Dungeon.
             The game lasted 01:03:13 (9774 turns).

Multipenetrator the Slicer (Barachi Wanderer)       Turns: 9774, Time: 01:03:14

HP:   -13/121 (124) AC: 25    Str: 20    XL:     10   Next: 80%
MP:   6/12          EV:  2    Int: 19    God:    Cheibriados [**....]
Gold: 573           SH:  0    Dex: 20    Spells: 9/9 levels left

rFire    . . .     SeeInvis .   a - +3 dagger (drain)
rCold    . . .     Gourm    .   (no shield)
rNeg     + + +     Faith    .   (armour currently unavailable)
rPois    +         Spirit   .   (helmet currently unavailable)
rElec    .         Reflect  .   (cloak currently unavailable)
rCorr    .         Harm     .   (gloves currently unavailable)
MR       +....     NoTele   +   (boots currently unavailable)
Stlth    ++++......             (no amulet)
Regen    0.3/turn               Q - ring of protection from magic
MPRegen  0.2/turn               s - +3 ring of strength

@: tree-form, drained, very slow
A: +LOS, swims
a: Bend Time, Renounce Religion


You were on level 8 of the Dungeon.
You worshipped Cheibriados.
Cheibriados was pleased with you.
You were not hungry.
You were a tree.
You visited 2 branches of the dungeon, and saw 10 of its levels.

You collected 573 gold pieces.

Inventory:

Hand Weapons
 a - a +3 dagger of draining (weapon)
Armour
 c - a +0 robe
 g - a +3 ring mail of poison resistance (melded)
 B - a +0 robe
 D - a +1 pair of boots (melded)
 K - a +0 pair of gloves (melded)
 S - the +1 gold dragon scales "Tunuagg" {rElec rPois rF+ rC+ MR+ Str+3}
   (You found it on level 8 of the Dungeon)

   It affects your strength (+3).
   It protects you from fire.
   It protects you from cold.
   It insulates you from electricity.
   It protects you from poison.
   It affects your resistance to hostile enchantments.
Magical Staves
 R - an uncursed staff of fire
Jewellery
 d - an uncursed ring of resist corrosion
 p - an uncursed ring of magical power
 s - a +3 ring of strength (right branch)
 Q - a ring of protection from magic (left branch)
Wands
 e - a wand of acid (10/15)
 h - a wand of polymorph (13/24)
 j - a wand of flame (17/48)
 x - a wand of acid (10/15)
 E - a wand of iceblast (0/15)
 H - a wand of digging (16/24)
 J - a wand of iceblast (9/15)
 L - a wand of confusion (25/48)
 P - a wand of flame (38/48)
Scrolls
 k - a scroll of enchant armour {unknown}
 l - 6 scrolls of remove curse
 n - 3 scrolls of magic mapping
 q - 3 scrolls of enchant weapon
 t - 4 scrolls of fear
 u - 5 scrolls of teleportation {unknown}
 w - a scroll of amnesia {unknown}
 y - 2 scrolls of noise {unknown}
 C - a scroll of immolation {unknown}
 G - a scroll of recharging
 O - a scroll of fog {unknown}
 U - a scroll of identify
Potions
 b - 2 potions of lignification
 i - a potion of invisibility {unknown}
 m - 3 potions of flight
 r - a potion of curing
 A - a potion of magic {unknown}
 F - 2 potions of degeneration
 I - 2 potions of mutation
 M - 2 potions of agility {unknown}
 N - a potion of might {unknown}
 T - a potion of heal wounds {unknown}
Comestibles
 f - 12 bread rations
 o - 12 fruits
 v - 5 royal jellies
 z - 3 meat rations


   Skills:
 + Level 9.0(8.6) Fighting
 - Level 9.5(9.1) Short Blades
 + Level 1.1(0.7) Throwing
 * Level 3.1(2.7) Armour
 + Level 7.6(7.2) Dodging
 + Level 8.5(8.0) Stealth
 * Level 3.3(2.9) Invocations
 + Level 1.4(1.1) Evocations


You had 9 spell levels left.
You didn't know any spells.

Dungeon Overview and Level Annotations

Branches:
Dungeon (9/15)             Temple (1/1) D:7
   Lair: D:8-11         Orc: D:9-12

Altars:
Ashenzari
Cheibriados
Dithmenos
Elyvilon
Fedhas
Gozag
Hepliaklqana
Kikubaaqudgha
Makhleb
Nemelex Xobeh
Okawaru
Qazlal
Ru
Sif Muna
Trog
Vehumet
Wu Jian
Xom
Yredelemnul
Zin
The Shining One

Annotations:
D:8 dricus's ghost, novice TrMo


Innate Abilities, Weirdness & Mutations

Shadows flee at your approach. (+LOS)
You can swim through water.
((You cover ground slowly.))
((You can hop short distances.))


Message History

* * * LOW HITPOINT WARNING * * *
You hit dricus's ghost.
Dricus's ghost is heavily damaged.
Dricus's ghost barely misses you.
You hit dricus's ghost.
Dricus's ghost is heavily damaged.
You hit dricus's ghost.
Dricus's ghost is heavily damaged.
Dricus's ghost hits you!!
* * * LOW HITPOINT WARNING * * *
The flow of time bends around you.
Dricus's ghost resists with some effort.
You feel slightly more hungry. Dricus's ghost stares at you.
Dricus's ghost hits you.
* * * LOW HITPOINT WARNING * * *
The flow of time bends around you.
Dricus's ghost resists with some effort.
You feel slightly more hungry. Dricus's ghost hits you!
You die...

###### [>[..# ############
####.#######..........#
#..[.[.....#######.# #########
#..######..##### #.# #........
##
#..##..........###.###.#######
.8##..##.###...........##)###
..##.###.#......♣.##........#
.._#.# #.#.#.####W#..#..#.#.#
..##<# #.#.#.#
##...###...#.##### .8##.#
#.#.#.###.....#..###.##... ##
#.# #.#.............## #.##.##
# ##.# #.#...###...##..#
#.##.# # #.##
#.#.............# #.##.# # #.#
#.#...####.####.# #.##.## #
#.# #.#........# #.# #.....#


You could see dricus's ghost.

Vanquished Creatures
  A hydra (D:8)
  A two-headed ogre (D:8)
  Pikel (D:5)
  A cyclops (D:8)
  A spriggan (D:7)
  Sigmund (D:4)
  A hungry ghost (D:8)
  Edmund (D:4)
  A water moccasin (D:5)
  A sky beast (D:5)
  2 orc warriors (D:8)
  4 phantoms
  A necrophage (D:5)
  3 ogres
  A centaur (D:8)
  2 bullfrogs (D:9)
  2 scorpions
  An oklob sapling (D:7)
  5 wights (D:9)
  3 crimson imps
  3 centaur zombies
  A bullfrog zombie (D:5)
  6 hounds
  A jelly (D:7)
  2 bullfrog skeletons
  6 orc priests
  6 orc wizards
  A centaur skeleton (D:6)
  5 iguanas
  11 worker ants
  3 gnolls
  8 adders
  A shadow imp (D:7)
  2 oozes
  An adder zombie (D:5)
  An adder skeleton (D:8)
  2 worms
  3 dart slugs
  4 leopard geckos
  23 orcs
  2 ball pythons
  7 bats
  2 giant cockroaches
  18 goblins
  7 hobgoblins
  21 jackals
  5 kobolds
  A ball python skeleton (D:4)
  6 frilled lizards
  A leopard gecko skeleton (D:4)
  A quokka zombie (D:7)
  10 rats
  A plant (D:7)
206 creatures vanquished.

Notes
Turn   | Place    | Note
-------+----------+-------------------------------------------
     0 | D:1      | Multipenetrator the Barachi Wanderer began the quest for the Orb.
     0 | D:1      | Multipenetrator set off with: a +2 spear, 2 potions of lignification, a +0 robe, a +0 dagger, a bread ration
     0 | D:1      | Reached XP level 1. HP: 20/20 MP: 1/1
   110 | D:1      | Reached skill level 5 in Fighting
   266 | D:1      | Reached XP level 2. HP: 25/27 MP: 2/2
   554 | D:1      | Reached skill level 1 in Short Blades
   564 | D:1      | Reached XP level 3. HP: 6/33 MP: 3/3
  1608 | D:2      | Reached XP level 4. HP: 32/39 MP: 4/4
  1681 | D:2      | Noticed an angel
  1682 | D:2      | Found a shimmering altar of Xom.
  1682 | D:2      | Found a glowing silver altar of Zin.
  2343 | D:3      | Reached XP level 5. HP: 6/44 MP: 5/5
  2854 | D:3      | Found a deep blue altar of Sif Muna.
  2855 | D:3      | Found a shattered altar of Ashenzari.
  2924 | D:3      | Found a stormy altar of Qazlal.
  3497 | D:4      | Noticed a phantom
  3694 | D:4      | Reached XP level 6. HP: 51/52 MP: 6/6
  3701 | D:4      | Found an ornate altar of the Wu Jian Council.
  4368 | D:4      | Reached XP level 7. HP: 43/58 MP: 7/7
  4380 | D:5      | Entered Level 5 of the Dungeon
  4912 | D:5      | Found an ancient bone altar of Kikubaaqudgha.
  4937 | D:5      | Reached skill level 5 in Short Blades
  4937 | D:5      | Reached skill level 5 in Stealth
  5038 | D:5      | Noticed Pikel
  5054 | D:5      | Reached XP level 8. HP: 43/63 MP: 8/8
  5391 | D:5      | Killed Pikel
  5391 | D:5      | Reached skill level 5 in Dodging
  6041 | D:4      | Reached XP level 9. HP: 34/70 MP: 9/9
  6257 | D:4      | Noticed Sigmund
  6270 | D:4      | Killed Sigmund
  6453 | D:4      | Noticed Edmund
  6467 | D:4      | Killed Edmund
  6573 | D:6      | Found an opulent altar of Gozag.
  6955 | D:6      | Found a basalt altar of Yredelemnul.
  7110 | D:7      | Found a staircase to the Ecumenical Temple.
  7205 | Temple   | Entered the Ecumenical Temple
  7269 | Temple   | Became a worshipper of Cheibriados the Contemplative
  7618 | D:7      | Found an iron altar of Okawaru.
  7621 | D:7      | Found a white marble altar of Elyvilon.
  7750 | D:8      | Reached skill level 1 in Invocations
  7964 | D:8      | Found an opulent altar of Gozag.
  8102 | D:8      | Reached * piety under Cheibriados
  8114 | D:8      | Found a glowing golden altar of the Shining One.
  8253 | D:8      | Noticed a cyclops
  8275 | D:8      | Killed a cyclops
  8275 | D:8      | Reached XP level 10. HP: 65/79 MP: 11/11
  8305 | D:8      | Noticed a five-headed hydra
  8316 | D:8      | Killed a five-headed hydra
  8403 | D:8      | Noticed a two-headed ogre
  8471 | D:8      | Killed a two-headed ogre
  8490 | D:8      | Got twisted gold dragon scales
  8501 | D:8      | Identified the +1 gold dragon scales "Tunuagg" {rElec rPois rF+ rC+ MR+ Str+3} (You found it on level 8 of the Dungeon)
  8609 | D:8      | Reached skill level 1 in Evocations
  9010 | D:8      | Reached skill level 1 in Armour
  9178 | D:9      | Reached ** piety under Cheibriados
  9751 | D:8      | Noticed dricus's ghost (novice TrMo)
  9772 | D:8      | HP: 4/121 [dricus's ghost (21)]
  9774 | D:8      | Mangled by dricus's ghost

Vault maps used:
D:1:      sevenhm_arrival_forest_fort_large_2
D:2:      grunt_temple_overflow_order_and_chaos_1
D:3:      old_standard_altar, gammafunk_temple_overflow_pools, minivault_5,
          hex_tiny
D:4:      minmay_wonky_spiral, lemuel_crystal_altar, hangedman_decor_growths,
          nrook_mini_vaults, sigmund_edmund_badplayer
D:5:      cheibrodos_two_vegetables, kiku_gazebo_garden_becter, first_bread,
          minmay_ogre_servants, uniq_pikel
D:6:      kennysheep_little_box, basic_altar
D:7:      grunt_temple_overflow_open, minmay_temple_entry_oklob, the_bakery
D:8:      minmay_tri_box, nicolae_overflow_hidden_temple, lemuel_doored_altar
D:9:      dancing_weapons_uskayaw
Temple:   nicolae_temple_figure_zero

Skill      XL: |  1  2  3  4  5  6  7  8  9 10 |
---------------+-------------------------------+-----
Fighting       | 5 6 7 8 9 |  9.0
Stealth        | 3 4 5 6 7 8 |  8.5
Short Blades   | 1 2 3 4 5 7 9 |  9.5
Dodging        | 3 4 5 7 |  7.6
Invocations    | 2 3 |  3.3
Evocations     | 1 |  1.4
Armour         | 3 |  3.1
Throwing       | |  1.1

Action                   |  1- 3 |  4- 6 |  7- 9 | 10-12 || total
-------------------------+-------+-------+-------+-------++-------
Melee: Short sword       |   119 |       |       |       ||   119
       Dagger            |    31 |   176 |   616 |   323 ||  1146
Invok: Bend Time         |       |       |       |     2 ||     2
 Abil: Hop               |       |       |       |     2 ||     2
Evoke: Wand              |       |       |       |     6 ||     6
  Use: Scroll            |       |     4 |       |     4 ||     8
       Potion            |       |     1 |     1 |     1 ||     3
 Stab: Sleeping          |    12 |     8 |    15 |       ||    35
       Distracted        |       |     1 |       |     2 ||     3
       Confused          |       |       |       |     2 ||     2
  Eat: Chunk             |     3 |    10 |    12 |     2 ||    27
       Royal jelly       |       |       |     1 |       ||     1
       Meat ration       |       |       |       |     1 ||     1
Armor: Robe              |    39 |    22 |    40 |    11 ||   112
       Skin              |       |     1 |       |       ||     1
       Ring mail         |       |       |       |    44 ||    44
Dodge: Dodged            |    96 |    74 |   205 |   155 ||   530
